 Dungeon Sprint DCSS version 0.27-a0-1359-ga2a4dfd6fd (webtiles) character file.

Game seed: 12829772315045404010

18582 mhtbhm the Sorcerer (level 12, 0/60 HPs)
             Began as a Deep Elf Earth Elementalist on June 28, 2021.
             Was the Champion of Vehumet.
             Slain by a naga warrior (5 damage)
             ... in the Dungeon (Sprint VII: "The Pits").
             The game lasted 00:08:19 (3712 turns).

mhtbhm the Sorcerer (Deep Elf Earth Elementalist)   Turns: 3712, Time: 00:08:19

Health: 0/60       AC:  9    Str:  5    XL:     12   Next: 29%
Magic:  21/43      EV: 12    Int: 26    God:    Vehumet [******]
Gold:   0          SH:  0    Dex: 18    Spells: 36/61 levels left

rFire    . . .     SeeInvis .   l - +4 quarterstaff (speed)
rCold    . . .     Faith    .   (shield currently unavailable)
rNeg     . . .     Spirit   .   b - +0 steam dragon scales
rPois    .         Reflect  .   (no helmet)
rElec    .         Harm     .   q - +0 cloak
rCorr    .         Rampage  .   (no gloves)
Will     +....     NoTele   +   (no boots)
Stlth    ++++......             (no amulet)
HPRegen  0.20/turn              n - +3 ring of protection
MPRegen  0.28/turn              o - +3 ring of dexterity

@: constricted
A: no striking features
a: Renounce Religion


You were in the Dungeon.
You worshipped Vehumet.
Vehumet was exalted by your worship.
You visited 1 branch

Inventory:

Hand Weapons
 l - a +4 quarterstaff of speed (weapon)
Missiles
 i - 17 stones
Armour
 b - +0 steam dragon scales (worn)
 q - a +0 cloak (worn)
Jewellery
 n - a +3 ring of protection (left hand)
 o - a +3 ring of dexterity (right hand)
Wands
 m - a wand of flame (15)
Scrolls
 j - 5 scrolls of amnesia
 k - a scroll of summoning
Potions
 a - 2 potions of invisibility
 c - 9 potions of curing
 d - 8 potions of heal wounds
 e - a potion of haste
 f - a potion of magic
 g - 4 potions of berserk rage
 p - a potion of brilliance


   Skills:
 + Level 1.1 Fighting
 + Level 0.6 Staves
 + Level 5.8 Dodging
 + Level 7.5 Stealth
 + Level 25.1 Spellcasting
 + Level 2.0 Conjurations
 + Level 2.3 Transmutations
 + Level 21.8 Earth Magic


You had 36 spell levels left.
You knew the following spells:

 Your Spells              Type           Power      Damage    Failure   Level
a - Sandblast             Erth           100%       2d20      0%          1
b - Passwall              Tmut/Erth      64%        N/A       0%          2
c - Stone Arrow           Conj/Erth      100%       3d13      0%          3
d - Lee's Rapid Deconstr  Erth           49%        3d24*     0%          5
e - Petrify               Tmut/Erth      77%        N/A       1%          4
f - Sticky Flame          Conj/Fire      37%        2d6       1%          4
g - Iron Shot             Conj/Erth      38%        9d8       1%          6

Your spell library contained the following spells:

 Spells                   Type           Power      Damage    Failure   Level
 Starburst                Conj/Fire      18%        8x6d7     24%         6


Dungeon Overview and Level Annotations

Branches:
Dungeon (1/1)

Altars:
Ashenzari
Cheibriados
Dithmenos
Elyvilon
Fedhas
Gozag
Hepliaklqana
Kikubaaqudgha
Makhleb
Nemelex Xobeh
Okawaru
Qazlal
Ru
Sif Muna
Trog
Uskayaw
Vehumet
Wu Jian
Xom
Yredelemnul
Zin
The Shining One
Beogh
Jiyva
Lugonu


Message History

You feel your power returning.
The kobold demonologist casts a spell.
Unknown command.
Unknown command.
Casting: Lee's Rapid Deconstruction (safe; 0% risk of failure)
Confirm with . or Enter, or press ? or * to list all spells.
Aiming: Sandblast (safe; 0% risk of failure)
Press: ? - help, Shift-Dir - straight line, f - naga warrior
Aim: a naga warrior, wielding a +0 scimitar and wearing a +0 tower shield (moderately wounded, 88% to hit)
Okay, then.
Okay, then.
Magic courses through your body.
The kobold demonologist looks braver for a moment.
The naga warrior hits you with a +0 scimitar!!!
Ouch! That really hurt!
The naga warrior grabs you. The naga warrior constricts you.
Casting: Sandblast (safe; 0% risk of failure)
Confirm with . or Enter, or press ? or * to list all spells.
Aiming: Lee's Rapid Deconstruction (safe; 0% risk of failure)
Press: ? - help, Dir - move target A metal wall.
Okay, then.
Unknown command.
You feel much better.
The naga warrior hits you with a +0 scimitar!!
The naga warrior constricts you.
Unknown command.
Casting: Lee's Rapid Deconstruction (safe; 0% risk of failure)
Confirm with . or Enter, or press ? or * to list all spells.
Aiming: Lee's Rapid Deconstruction (safe; 0% risk of failure)
Press: ? - help, Dir - move target A metal wall.
The metal wall shatters!
The blast of metal fragments hits the kobold demonologist!!!
You kill the kobold demonologist!
Vehumet accepts your kill.
You feel your power returning.
The naga warrior hits you with a +0 scimitar!!
* * * LOW HITPOINT WARNING * * *
You die...

##### #######
##...###..+...#
##...##..##...###
.##'##..###...+.## ..
..).[[...##.(.#..## ...
###'###...##'##...# #)..#
#.....##.)#...#...#)))...
.......+..'...'...)).....
#.....##..#...#.@N#))ยง...
###'###...##'##...# #...#
.........##...#..## ...
.##)##..###...+.## .
##...##..##...###
#...###..+...# #####
#######


You could see a naga warrior.

Vanquished Creatures
  An emperor scorpion (D)
  An ogre mage (D)
  5 two-headed ogres (D)
  A merfolk avatar (D)
  Urug (D)
  A sun demon (D)
  A shadow wraith (D)
  A salamander mystic (D)
  A sea snake (D)
  5 harpies (D)
  A phantasmal warrior (D)
  A lindwurm (D)
  A cyclops (D)
  An elephant (D)
  An orange demon (D)
  4 kobold demonologists (D)
  A merfolk (D)
  2 trolls (D)
  An ice devil (D)
  4 blink frogs (D)
  A shadow (D)
  A ynoxinul (D)
  Sigmund (D)
  2 spriggans (D)
  4 redbacks (D)
  A tarantella (D)
  Grum (D)
  A steam dragon (D)
  A naga (D)
  A small abomination (D)
  A black bear (D)
  2 ogres (D)
  A sky beast (D)
  2 centaurs (D)
  4 wolves (D)
  A phantom (D)
  3 kobold brigands (D)
  A scorpion (D)
  4 killer bees (D)
  8 wights (D)
  A crimson imp (D)
  A quasit (D)
  2 iron imps (D)
  An iguana (D)
  An orc wizard (D)
  A gnoll (D)
  2 adders (D)
  A river rat (D)
  An adder skeleton (D)
  7 orcs (D)
  2 ball pythons (D)
  A giant cockroach (D)
  A hobgoblin (D)
  2 quokkas (D)
  A ball python skeleton (D)
  A bat (D)
  2 frilled lizards (D)
  A giant cockroach zombie (D)
  A jackal skeleton (D)
  3 kobolds (D)
  A rat (D)
110 creatures vanquished.

Notes
Turn   | Place    | Note
-------+----------+-------------------------------------------
     0 | D        | mhtbhm the Deep Elf Earth Elementalist began the quest for
                  | the Orb.
     0 | D        | Reached XP level 1. HP: 10/10 MP: 6/6
    19 | D        | Found a bloodstained altar of Trog.
    19 | D        | Found a shimmering blue altar of Sif Muna.
    19 | D        | Found a viscous altar of Jiyva.
    19 | D        | Found a hazy altar of Hepliaklqana.
    19 | D        | Found an opulent altar of Gozag.
    20 | D        | Found a glowing golden altar of the Shining One.
    20 | D        | Found a glowing silver altar of Zin.
    20 | D        | Found a basalt altar of Yredelemnul.
    20 | D        | Found a shimmering altar of Xom.
    20 | D        | Found an ornate altar of the Wu Jian Council.
    20 | D        | Found a sacrificial altar of Ru.
    20 | D        | Found a stormy altar of Qazlal.
    20 | D        | Found an iron altar of Okawaru.
    20 | D        | Found a sparkling altar of Nemelex Xobeh.
    20 | D        | Found a burning altar of Makhleb.
    20 | D        | Found a blossoming altar of Fedhas.
    20 | D        | Found a white marble altar of Elyvilon.
    20 | D        | Found a shadowy altar of Dithmenos.
    20 | D        | Found a snail-covered altar of Cheibriados.
    22 | D        | Found a radiant altar of Vehumet.
    22 | D        | Found a corrupted altar of Lugonu.
    23 | D        | Found a hide-covered altar of Uskayaw.
    23 | D        | Found an ancient bone altar of Kikubaaqudgha.
    23 | D        | Found a broken altar of Ashenzari.
    30 | D        | Became a worshipper of Vehumet
   150 | D        | Reached skill level 4 in Spellcasting
   303 | D        | Reached * piety under Vehumet
   303 | D        | Offered knowledge of Shock by Vehumet.
   316 | D        | Reached skill level 5 in Earth Magic
   316 | D        | Reached XP level 2. HP: 15/15 MP: 5/9
   319 | D        | Learned a level 2 spell: Passwall
   358 | D        | Reached ** piety under Vehumet
   381 | D        | Reached skill level 5 in Spellcasting
   382 | D        | Reached XP level 3. HP: 19/19 MP: 4/11
   386 | D        | Learned a level 3 spell: Stone Arrow
   575 | D        | Noticed a sky beast
   576 | D        | Noticed a wolf
   586 | D        | Offered knowledge of Foxfire by Vehumet.
   588 | D        | Reached *** piety under Vehumet
   589 | D        | Reached skill level 6 in Spellcasting
   665 | D        | Reached skill level 7 in Spellcasting
   665 | D        | Reached XP level 4. HP: 24/24 MP: 5/15
   681 | D        | Killed a wolf
   682 | D        | Reached skill level 8 in Spellcasting
   682 | D        | Reached XP level 5. HP: 28/28 MP: 5/18
   864 | D        | Learned a level 5 spell: Lee's Rapid Deconstruction
   869 | D        | Learned a level 4 spell: Petrify
   881 | D        | Offered knowledge of Static Discharge by Vehumet.
   881 | D        | Killed a sky beast
   881 | D        | Reached **** piety under Vehumet
   882 | D        | Reached skill level 5 in Stealth
   882 | D        | Reached skill level 10 in Spellcasting
   882 | D        | Reached skill level 1 in Conjurations
   882 | D        | Reached skill level 10 in Earth Magic
   882 | D        | Reached XP level 6. HP: 32/32 MP: 5/21
  1016 | D        | Noticed Sigmund
  1018 | D        | Killed Sigmund
  1019 | D        | Reached skill level 12 in Spellcasting
  1087 | D        | Noticed a small abomination
  1088 | D        | Killed a small abomination
  1088 | D        | Offered knowledge of Fulminant Prism by Vehumet.
  1088 | D        | Reached ***** piety under Vehumet
  1089 | D        | Reached XP level 7. HP: 36/36 MP: 21/25
  1113 | D        | Reached skill level 13 in Spellcasting
  1211 | D        | Noticed a merfolk avatar
  1220 | D        | Killed a merfolk avatar
  1220 | D        | Reached ****** piety under Vehumet
  1221 | D        | Reached skill level 15 in Spellcasting
  1221 | D        | Reached XP level 8. HP: 41/41 MP: 10/29
  1440 | D        | Noticed an elephant
  1445 | D        | Killed an elephant
  1445 | D        | Offered knowledge of Airstrike by Vehumet.
  1446 | D        | Reached skill level 16 in Spellcasting
  1451 | D        | Noticed a merfolk
  1456 | D        | Killed a merfolk
  1457 | D        | Reached XP level 9. HP: 41/45 MP: 1/31
  1608 | D        | Noticed a sun demon
  1612 | D        | Killed a sun demon
  1612 | D        | Offered knowledge of Ozocubu's Refrigeration by Vehumet.
  1613 | D        | Reached skill level 17 in Spellcasting
  1613 | D        | Reached skill level 15 in Earth Magic
  1860 | D        | Noticed an orange demon
  1862 | D        | Noticed a two-headed ogre
  1863 | D        | Noticed an ogre mage
  1864 | D        | Noticed a two-headed ogre
  1865 | D        | Killed an orange demon
  1866 | D        | Reached skill level 18 in Spellcasting
  1866 | D        | Killed a two-headed ogre
  1867 | D        | Killed an ogre mage
  1867 | D        | Noticed a two-headed ogre
  1868 | D        | Reached skill level 19 in Spellcasting
  1868 | D        | Reached XP level 10. HP: 50/50 MP: 12/35
  1869 | D        | Killed a two-headed ogre
  1871 | D        | Reached skill level 20 in Spellcasting
  1871 | D        | Killed a two-headed ogre
  1871 | D        | Offered knowledge of Sticky Flame by Vehumet.
  2012 | D        | Learned a level 4 spell: Sticky Flame
  2030 | D        | Noticed a phantasmal warrior
  2033 | D        | Killed a phantasmal warrior
  2330 | D        | Offered knowledge of Iskenderun's Battlesphere by Vehumet.
  2331 | D        | Reached skill level 21 in Spellcasting
  2331 | D        | Noticed Grum
  2333 | D        | Killed Grum
  2346 | D        | Reached XP level 11. HP: 54/54 MP: 4/38
  2347 | D        | Noticed Urug
  2354 | D        | Killed Urug
  2369 | D        | Reached skill level 22 in Spellcasting
  2472 | D        | Offered knowledge of Iron Shot by Vehumet.
  2588 | D        | Noticed a two-headed ogre
  2591 | D        | Killed a two-headed ogre
  2616 | D        | Noticed a two-headed ogre
  2616 | D        | Noticed a sea snake
  2619 | D        | Killed a sea snake
  2619 | D        | Killed a two-headed ogre
  2704 | D        | Noticed a lindwurm
  2706 | D        | Killed a lindwurm
  2707 | D        | Reached skill level 23 in Spellcasting
  2763 | D        | Learned a level 6 spell: Iron Shot
  2777 | D        | Noticed a harpy
  2777 | D        | Noticed a harpy
  2777 | D        | Noticed a harpy
  2777 | D        | Noticed a harpy
  2777 | D        | Noticed an emperor scorpion
  2779 | D        | Killed a harpy
  2779 | D        | Noticed a harpy
  2780 | D        | Killed a harpy
  2780 | D        | Offered knowledge of Conjure Ball Lightning by Vehumet.
  2780 | D        | Killed a harpy
  2780 | D        | Killed a harpy
  2781 | D        | Reached skill level 5 in Dodging
  2781 | D        | Killed a harpy
  3365 | D        | Killed an emperor scorpion
  3366 | D        | Reached skill level 24 in Spellcasting
  3377 | D        | HP: 2/55 [poisoned by an emperor scorpion]
  3692 | D        | Noticed a salamander mystic
  3692 | D        | Noticed a naga warrior
  3694 | D        | Killed a salamander mystic
  3694 | D        | Offered knowledge of Starburst by Vehumet.
  3695 | D        | Reached XP level 12. HP: 60/60 MP: 38/42
  3702 | D        | Reached skill level 1 in Fighting
  3709 | D        | Reached skill level 25 in Spellcasting
  3712 | D        | Slain by a naga warrior

Illustrated notes

Levels and vault maps discovered:
D:        pitsprint [storerooms_1, entrance_room_1, metal_vault_5, armoury_2,
          mini_pit_1, grid_room_1, main_hall_1, silver_pit, the_coven_2,
          the_vestibule_1, steel_vault_1, golden_pit, hallway_of_sentries,
          crystal_vault_2, iron_vault_1, final_vault]

Skill      XL: |  1  2  3  4  5  6  7  8  9 10 11 12 |
---------------+-------------------------------------+-----
Earth Magic    | 5 7 8 10 11 13 14 17 18 21 | 21.8
Dodging        | 3 4 5 |  5.8
Spellcasting   | 4 5 7 8 10 12 15 16 19 21 24 25 | 25.1
Stealth        | 3 4 5 6 7 |  7.5
Conjurations   | 1 2 |  2.0
Transmutations | 2 |  2.3
Fighting       | 1 |  1.1
Staves         | |  0.6

Action                   |  1- 3 |  4- 6 |  7- 9 | 10-12 || total
-------------------------+-------+-------+-------+-------++-------
Melee: Quarterstaff      |       |       |       |    10 ||    10
 Cast: Sandblast         |    17 |     2 |     1 |     3 ||    23
       Stone Arrow       |     4 |     1 |       |     1 ||     6
       Lee's Rapid Decon |       |     6 |    24 |    75 ||   105
       Petrify           |       |       |       |    12 ||    12
       Iron Shot         |       |       |       |     2 ||     2
Evoke: Wand              |       |       |       |     2 ||     2
  Use: Potion            |       |       |       |     8 ||     8
       Scroll            |       |       |       |     1 ||     1
 Stab: Petrified         |       |       |       |     3 ||     3
Armor: Steam dragon scal |       |       |       |    13 ||    13
Dodge: Dodged            |     1 |     2 |       |    25 ||    28

Table legend: (Time is in decaauts)
 A = Elapsed time spent in this place.
 B = Non-inter-level travel time spent in this place.
 C = Inter-level travel time spent in this place.
 D = Time resting spent in this place.
 E = Time spent auto-exploring this place.
 F = Levels seen in this place.
 G = Mean time per level.
                   A        B        C        D        E       F      G
               +--------+--------+--------+--------+--------+-----+--------+
         Total |   3719 |   3719 |      0 |   2869 |     46 |   1 | 3719.0 |
       Dungeon |   3719 |   3719 |      0 |   2869 |     46 |   1 | 3719.0 |
               +--------+--------+--------+--------+--------+-----+--------+

Top non-repeatable levels by time:
       D: 3719 daAuts
